 Seeded DCSS version 0.29-a0-802-g34511f41fd (webtiles) character file.

Game seed: 1570133099386417921 (custom seed)

74 blackman the Sneak (level 4, -2/35 HPs)
             Began as a Human Delver on July 3, 2022.
             Slain by a water moccasin (3 damage)
             ... on level 5 of the Dungeon.
             The game lasted 00:00:36 (30 turns).

blackman the Sneak (Human Delver)                     Turns: 30, Time: 00:00:37

Health: -2/35      AC:  3    Str: 14    XL:     4   Next: 54%
Magic:  4/4        EV: 12    Int: 10    God:
Gold:   0          SH:  0    Dex: 15    Spells: 3/3 levels left

rFire   . . .      SeeInvis .   a - +0 hand axe
rCold   . . .      Faith    .   (no shield)
rNeg    . . .      Spirit   .   b - +0 leather armour
rPois   .          Reflect  .   (no helmet)
rElec   .          Harm     .   (no cloak)
rCorr   .          Rampage  .   (no gloves)
Will    .....                   (no boots)
Stlth   +++.......              (no amulet)
HPRegen 0.11/turn               (no ring)
MPRegen 0.09/turn               (no ring)

@: no status effects
A: no striking features
a: no special abilities


You were on level 5 of the Dungeon.
You visited 1 branch of the dungeon, and saw 1 of its levels.

Inventory:

Hand Weapons
 a - a +0 hand axe (weapon)
Armour
 b - a +0 leather armour (worn)
Wands
 g - a wand of digging (3)
 h - a wand of iceblast (2)
Scrolls
 c - a scroll of fog
 d - a scroll of magic mapping
 e - a scroll of fear
Potions
 f - a potion of haste


   Skills:
 - Level 3.0 Fighting
 - Level 2.0 Axes
 * Level 3.8 Ranged Weapons
 - Level 2.0 Dodging
 - Level 5.0 Stealth


You had 3 spell levels left.
You didn't know any spells.
Your spell library was empty.

Dungeon Overview and Level Annotations

Branches:
Dungeon (5/15)             Temple (0/1) D:5

Altars:


Message History

The phantom partially resists.
The phantom is severely damaged.
You hear a shout! x2
The water moccasin closely misses you. The phantom barely misses you.
The water moccasin bites you.
Aiming: Iceblast
Press: ? - help, Shift-Dir - straight line The mass of ice explodes!
The iceblast engulfs the phantom.
The phantom partially resists.
The phantom is almost destroyed.
The phantom closely misses you. The water moccasin barely misses you.
Aiming: Iceblast
Press: ? - help, Shift-Dir - straight line The mass of ice explodes!
The iceblast engulfs the phantom.
The phantom partially resists.
You destroy the phantom!
The water moccasin closely misses you. The water moccasin bites you.
* * * LOW HITPOINT WARNING * * *
Your Ranged Weapons skill gained 3 levels and is now at level 3!
You have reached level 2!
You have reached level 3!
Your experience leads to an increase in your attributes!
Increase (S)trength, (I)ntelligence, or (D)exterity?
You feel stronger. x2
You have reached level 4!
You feel agile.
Aiming: Iceblast
Press: ? - help, Shift-Dir - straight line The mass of ice explodes!
The iceblast engulfs the water moccasin!
The water moccasin is heavily wounded.
The water moccasin bites you!
* * * LOW HITPOINT WARNING * * *
Aiming: Iceblast
Press: ? - help, Shift-Dir - straight line The mass of ice explodes!
The iceblast engulfs the water moccasin!
The water moccasin is almost dead.
The water moccasin bites you.
You die...

.... .... ....
.....###..##....
.................
.......≈≈≈≈≈h....
......≈≈≈≈≈≈≈≈≈...
....≈≈≈≈≈≈≈≈≈≈≈≈≈.
...≈≈≈≈≈≈...≈≈≈≈≈≈....##
...≈≈≈≈≈≈.@.≈≈≈≈≈≈......
...≈≈≈≈≈≈S..≈≈≈≈≈≈......
#..≈≈≈≈≈≈≈≈≈≈≈≈≈≈≈....#
#...≈≈≈≈≈≈≈≈≈≈≈≈≈.....###
#.....≈≈≈≈≈≈≈≈≈..........
........≈≈≈≈≈.........#
......................#####
...........................
...........................


You could see a water moccasin and a hound.

Vanquished Creatures
  A phantom (D:5)
1 creature vanquished.

Notes
Turn   | Place    | Note
-------+----------+-------------------------------------------
     0 | D:5      | blackman the Human Delver began the quest for the Orb.
     0 | D:5      | Reached XP level 1. HP: 18/18 MP: 1/1
     8 | D:5      | Found a staircase to the Ecumenical Temple.
    15 | D:5      | Noticed a phantom
    20 | D:5      | Noticed a water moccasin
    25 | D:5      | Noticed a hound
    28 | D:5      | Killed a phantom
    29 | D:5      | Reached XP level 2. HP: 6/24 MP: 2/2
    29 | D:5      | Reached XP level 3. HP: 7/29 MP: 3/3
    29 | D:5      | Reached XP level 4. HP: 9/35 MP: 4/4
    29 | D:5      | HP: 1/35 [water moccasin (8)]
    30 | D:5      | Slain by a water moccasin

Illustrated notes

Levels and vault maps discovered:
D:5:      layout_basic, temple_pool_b, lemuel_flamethrower_2

Skill      XL: |  1 |
---------------+----+-----
Ranged Weapons | 3 |  3.8
Fighting       | |  3.0
Axes           | |  2.0
Dodging        | |  2.0
Stealth        | |  5.0

Action                   |  1- 3 |  4- 6 || total
-------------------------+-------+-------++-------
Evoke: Wand              |     5 |     2 ||     7
Dodge: Dodged            |     7 |       ||     7

Table legend: (Time is in decaauts)
 A = Elapsed time spent in this place.
 B = Non-inter-level travel time spent in this place.
 C = Inter-level travel time spent in this place.
 D = Time resting spent in this place.
 E = Time spent auto-exploring this place.
 F = Levels seen in this place.
 G = Mean time per level.
                   A        B        C        D        E       F      G
               +--------+--------+--------+--------+--------+-----+--------+
         Total |     31 |     31 |      0 |      0 |      0 |   1 |   31.0 |
       Dungeon |     31 |     31 |      0 |      0 |      0 |   1 |   31.0 |
               +--------+--------+--------+--------+--------+-----+--------+

Top non-repeatable levels by time:
     D:5: 31 daAuts
